Description

This is a dirty PvT all in of old. Proxy oracle -> 4 gate with stalkers to either flat out kill the T or contain them on one base.

If you can't kill T and they turtle on one base just expand at your nat or where you proxied and go Tempest + Shield Batteries.

Replay - PvT Abiogenesis LE (9)

Build Order

Get SALT Encoding   

  12  0:01  Probe  
  13  0:13  Probe  
  14  0:19  Pylon  
  14  0:25  Probe  
  15  0:39  Gateway, Probe (Chrono Boost)  
  16  0:45  Assimilator x2  
  16  0:55  Probe (Chrono Boost)  
  17  1:00  Probe (Chrono Boost)  
  17  1:05  Action  Send out proxy probe
  18  1:10  Action  Put 3 probes on each assimilator
  18  1:11  Probe  
  19  1:23  Probe  
  20  1:26  Cybernetics Core  
  20  1:36  Probe  
  21  1:42  Pylon  
  21  1:48  Probe  
  23  2:02  Adept (Chrono Boost)  
  23  2:03  Stargate  
  23  2:04  Warp Gate  
  26  2:20  Adept  
  28  2:25  Pylon  
  28  2:37  Gateway  
  28  2:44  Oracle (Chrono Boost)  
  30  3:09  Gateway x2  
  30  3:14  Oracle (Chrono Boost)  
  33  3:36  Pylon  
  33  3:46  Pylon  
  33  4:10  Stalker x4  
  41  4:36  Stalker x3  
  43  4:43  Sentry  
  45  4:59  Stalker x2  
  40  5:34  Stalker  
Spawning Tool Build Advisor. Get it on Overwolf

Go to:

Details

  • Created by: RecklessTempest
  • Published on: Mar 30, 2018
  • Modified on: Mar 30, 2018
  • Patch: 4.0.0
Show
View Real Time Build Order
Export as new Build Order

Comments (0)

There are no comments. Be the first!

Create an account to comment!